AoeStats
← juniorpocoyo60

Arena

509852129Analyzed
1v1 RM · 5d ago on Sep 28, 2026· 27m 44s· 2 players
Game mode
Random Map
Map size
Tiny (2 player)
Population
200
Speed
Normal
Resources
Standard
Victory
Conquest
Starting age
Dark Age
Ending age
Imperial Age
RankedLock teamsTeams togetherTeam positionsShared explorationLock speedFull tech treeHidden civsTurbo modeCheats
Victory
Defeat
🇨🇳 Spanish · China
871
+17
🇪🇸 Armenians · Spain
901
-17
juniorpocoyo60
10:35 Feudal Age
12:46 Double-Bit Axe
13:06 Horse Collar
14:11 Gold Mining
19:32 Castle Age
18:01 Forging
20:42 Bow Saw
21:10 Gold Shaft Mining
1510232110
12:19 Feudal Age
11:53 Loom
16:37 Castle Age
20:39 Husbandry
26:33 Forging
26:16 Double-Bit Axe
Connection lost

Rejoining the realm…

Still unreachable

The connection could not be restored.

Session expired

The server has moved on; the page needs a fresh start.